 Dungeon Crawl Stone Soup version 0.16-a0-778-g0731923 (webtiles) character file.

786 PolkaDot the Skirmisher (level 7, -2/88 HPs)
             Began as a Vampire Summoner on Sept 25, 2014.
             Slain by a freezing wraith (12 damage)
             ... on Level 6 of the Dungeon.
             The game lasted 00:27:53 (4910 turns).

PolkaDot the Skirmisher (Vampire Summoner)          Turns: 4910, Time: 00:27:53

HP  -2/88        AC 23     Str  7      XL: 7   Next: 56%
MP   6/12        EV  2     Int 20      God:
Gold 301         SH  3     Dex 14      Spells:  4 memorised,  0 levels left

rFire  . . .     SeeInvis +     a - +5 dagger (venom)
rCold  . . .     Clarity  .     i - melded +2 robe {MR+}
rNeg   + + +     rCorr    .     k - +0 buckler
rPois  +         rRot     .     (no helmet)
rElec  .         Spirit   .     o - melded +0 cloak
SustAb .         Warding  +     (gloves currently unavailable)
rMut   .         NoTele   +     (boots currently unavailable)
Gourm  .                        n - amulet of warding
MR     .....                    (no ring)
                                v - +1 ring of intelligence

@: tree-form, regenerating quickly, not resistant to hostile enchantments,
fairly stealthy
A: bottle blood, (fangs 0), see invisible, (unbreathing)
a: Bottle Blood


You were on level 6 of the Dungeon.
You were very full.
You were an animated tree.
You visited 2 branches of the dungeon, and saw 7 of its levels.
You also visited: Sewer.

You collected 301 gold pieces.

Inventory:

Hand weapons
 a - a +5 dagger of venom (weapon)
 s - a +0 quarterstaff
Missiles
 b - 5 tomahawks of returning (quivered)
Armour
 i - a +2 robe of magic resistance (melded)
 k - a +0 buckler (worn)
 o - a +0 cloak (melded)
Scrolls
 e - 2 scrolls of remove curse
 f - a scroll of recharging
 l - 2 scrolls of identify
 p - 2 scrolls of teleportation
 r - 2 scrolls of fear
Jewellery
 n - an amulet of warding (around neck)
 v - a +1 ring of intelligence (left branch)
Potions
 g - a potion of haste
 j - 4 potions of blood {@*1}
 m - 3 potions of flight
 q - a potion of cure mutation {!q}
 u - a potion of lignification
Books
 c - a book of Callings

   Spells                             Type                      Level
   *Summon Small Mammal               Summoning                    1
   *Call Imp                          Summoning                    2
   *Call Canine Familiar              Summoning                    3
   Summon Guardian Golem              Hexes/Summoning              4
   Summon Lightning Spire             Summoning/Air                4
   *Summon Ice Beast                  Ice/Summoning                4
 d - a book of the Warp

   Spells                             Type                      Level
   Control Teleport                   Charms/Translocation         4
   Phase Shift                        Translocation                5
   Warp Weapon                        Charms/Translocation         5
   Dispersal                          Translocation                6
   Controlled Blink                   Translocation                7
   Disjunction                        Translocation                8
 h - a book of the Sky

   Spells                             Type                      Level
   Flight                             Charms/Air                   3
   Airstrike                          Air                          4
   Silence                            Hexes/Air                    5
   Deflect Missiles                   Charms/Air                   6
   Conjure Ball Lightning             Conjuration/Air              6
   Tornado                            Air                          9


   Skills:
 - Level 6.7 Fighting
 + Level 3.0 Throwing
 - Level 2.1 Dodging
 - Level 3.0 Stealth
 - Level 2.0 Spellcasting
 - Level 4.0 Summonings


You couldn't memorise any spells.
You knew the following spells:

 Your Spells              Type           Power        Failure   Level  Hunger
a - Summon Small Mammal   Summ           ###.         3%          1    #......
d - Call Canine Familiar  Summ           ###.....     12%         3    ###....
i - Summon Ice Beast      Ice/Summ       ##......     80%         4    #####..
s - Call Imp              Summ           ###.....     6%          2    ##.....


Dungeon Overview and Level Annotations

Branches:
Dungeon (6/15)             Temple (1/1) D:5

Altars:
Ashenzari
Dithmenos
Elyvilon
Fedhas
Gozag
Kikubaaqudgha
Makhleb
Okawaru
Qazlal
Ru
Trog
Vehumet
Xom
Yredelemnul
Zin
The Shining One


Innate Abilities, Weirdness & Mutations

Your natural rate of healing is unusually fast.
You can bottle blood from corpses.
((You have razor-sharp teeth.))
You have supernaturally acute eyesight.
((You can survive without breathing.))


Message History

You hit the freezing wraith but do no damage.
The freezing wraith is lightly damaged.
Your crimson imp disappears in a puff of smoke!
Your hound bites the freezing wraith but does no damage.
The freezing wraith hits you!
* * * LOW HITPOINT WARNING * * *
The freezing wraith freezes you!
* * * LOW HITPOINT WARNING * * *
The freezing wraith hits you!
* * * LOW HITPOINT WARNING * * *
Your crimson imp barely misses the freezing wraith.
Your hound bites the freezing wraith.
Drink which item? (? for menu, Esc to quit)
You turn into an animated tree.
Your +0 cloak melds into your body.
Your +2 robe of magic resistance melds into your body.
You feel less resistant to hostile enchantments.
Your roots penetrate the ground.
The freezing wraith hits you.
* * * LOW HITPOINT WARNING * * *
The freezing wraith freezes you!
You die...

.........................###5#
..)..............>'........#.#
#.........###5....##....#..#)#
##......#.###)(#####....#....#
#...........)..#######....###
######.####.(..............#####
### ##.)...#######........
#..h§.# #....#### #..W♣.#
#....## #%....§..85.+ ###...#
#!....#.....# #.h.#.#
##...##.$...# #.###.# ####
###+#########.###<##
#....#..#....# #....#.##.#..##
#...##......... #...5'....#.#?#


You could see a freezing wraith, a friendly hound and 2 friendly crimson imps.

Vanquished Creatures
  A centaur zombie (D:6)
  An orc priest (D:3)
  A worker ant (D:6)
  A big kobold zombie (D:6)
  4 gnolls
  An adder (D:6)
  A shadow imp (D:5)
  6 giant mites
  6 worms
  An inept item mimic (D:3)
  3 giant geckos
  3 oozes (Sewer)
  11 orcs
  12 bats
  11 giant cockroaches
  12 goblins
  7 hobgoblins
  5 jackals
  4 kobolds
  7 giant newts
  A hobgoblin skeleton (D:4)
  2 quokkas
  5 rats
106 creatures vanquished.

Vanquished Creatures (collateral kills)
  A sky beast (D:5)
  A phantom (D:6)
  A centaur (D:5)
  Sigmund (D:2)
  An orc priest (D:5)
  A jelly (D:6)
  3 orc wizards
  Natasha (twice) (D:3)
  A killer bee zombie (D:5)
  4 gnolls
  2 giant mites
  A worm (D:2)
  An orc zombie (D:5)
  2 giant geckos
  3 oozes
  6 orcs (D:3)
  2 bats
  2 giant cockroaches
  2 hobgoblins (D:1)
  A jackal (D:2)
  3 kobolds
  2 giant newts
  3 goblins
  A rat (D:3)
47 creatures vanquished.

Vanquished Creatures (others)
  3 hounds
  A white imp (Sewer)
  A quokka (D:2)
  A rat (D:1)
6 creatures vanquished.

Grand Total: 159 creatures vanquished

Notes
Turn   | Place    | Note
--------------------------------------------------------------
     0 | D:1      | PolkaDot, the Vampire Summoner, began the quest for the Orb.
     0 | D:1      | Reached XP level 1. HP: 13/13 MP: 3/3
    57 | D:1      | Reached skill level 1 in Fighting
    76 | D:1      | Reached XP level 2. HP: 12/21 MP: 2/4
   898 | D:2      | Noticed Sigmund
   913 | D:1      | Learned a level 2 spell: Call Imp
  1197 | D:2      | Reached XP level 3. HP: 24/28 MP: 6/6
  1254 | D:2      | Killed Sigmund
  1254 | D:2      | Reached XP level 4. HP: 34/37 MP: 7/7
  1296 | D:2      | Found a white marble altar of Elyvilon.
  1426 | D:2      | Learned a level 3 spell: Call Canine Familiar
  1949 | D:3      | Noticed Natasha
  1953 | D:3      | Reached XP level 5. HP: 26/42 MP: 2/9
  1958 | D:3      | Killed Natasha
  2207 | D:3      | Found a stormy altar of Qazlal.
  2782 | D:3      | Reached skill level 5 in Fighting
  2841 | D:3      | Noticed Natasha
  2854 | D:3      | Killed Natasha
  3336 | D:4      | Reached XP level 6. HP: 24/51 MP: 1/10
  3488 | D:4      | Found a shimmering altar of Xom.
  3532 | D:5      | Entered Level 5 of the Dungeon
  3602 | D:5      | Reached skill level 6 in Fighting
  3654 | D:5      | Found a staircase to the Ecumenical Temple.
  3663 | Temple   | Entered the Ecumenical Temple
  3780 | D:5      | Reached XP level 7. HP: 41/59 MP: 7/12
  3799 | D:5      | Found a glowing drain.
  3820 | Sewer    | Entered a sewer
  4240 | Sewer    | Learned a level 4 spell: Summon Ice Beast
  4407 | Sewer    | Reached skill level 1 in Throwing
  4667 | D:6      | Found a basalt altar of Yredelemnul.
  4842 | D:6      | Noticed a freezing wraith
  4910 | D:6      | Slain by a freezing wraith

Action                   |  1- 3 |  4- 6 |  7- 9 || total
-------------------------+-------+-------+-------++-------
Melee: Dagger            |   124 |   192 |   142 ||   458
       Unarmed           |     3 |       |       ||     3
Throw: Tomahawk          |       |     1 |     1 ||     2
 Cast: Summon Small Mamm |     8 |       |     3 ||    11
       Call Imp          |     3 |    19 |    15 ||    37
       Call Canine Famil |       |    17 |     4 ||    21
 Abil: Bottle Blood      |       |     3 |    10 ||    13
  Use: Potion            |     4 |     7 |     9 ||    20
       Scroll            |       |    10 |     5 ||    15
 Stab: Sleeping          |     3 |     8 |     4 ||    15
       Distracted        |       |     2 |     1 ||     3
  Eat: Corpse            |    11 |    20 |       ||    31
